 Dungeon Crawl Stone Soup version 0.21.0-3-g78d12a8 (webtiles) character file.

726 komo4ek the Caller (level 7, -1/50 HPs)
             Began as a Demonspawn Summoner on Jan 8, 2018.
             Was an Initiate of Vehumet.
             Slain by a wolf (6 damage)
             ... summoned by the player character
             ... on level 6 of the Dungeon.
             The game lasted 00:26:34 (5908 turns).

komo4ek the Caller (Demonspawn Summoner)            Turns: 5908, Time: 00:26:34

Health: -1/50      AC:  4    Str:  8    XL:     7   Next: 44%
Magic:  24/24      EV: 12    Int: 23    God:    Vehumet [......]
Gold:   32         SH:  0    Dex: 16    Spells: 8/16 levels left

rFire    . . .     SeeInvis .   z - +3 flail of Conformity {pain, MP+9 Int+4 Dex+3 Stlth+}
rCold    . . .     Gourm    .   (no shield)
rNeg     . . .     Faith    .   a - +0 robe
rPois    .         Spirit   .   (no helmet)
rElec    .         Reflect  .   (no cloak)
rCorr    .         Harm     .   (no gloves)
MR       .....                  (no boots)
Stlth    ++........             v - amulet of regeneration
HPRegen  0.56/turn              (no ring)
MPRegen  0.19/turn              (no ring)

@: confused
A: talons 1, slimy green scales 1, powered by death 2
a: Renounce Religion


You were on level 6 of the Dungeon.
You worshipped Vehumet.
Vehumet was noncommittal.
You were not hungry.

You visited 1 branch of the dungeon, and saw 6 of its levels.

You collected 253 gold pieces.
You spent 221 gold pieces at shops.

Inventory:

Hand Weapons
 h - a +0 dagger
 z - the +3 flail of Conformity (weapon) {pain, MP+9 Int+4 Dex+3 Stlth+}
   (You bought it in a shop on level 6 of the Dungeon)

   In the hands of one skilled in necromantic magic, it inflicts extra damage on
   living creatures.
   It affects your intelligence (+4).
   It affects your dexterity (+3).
   It affects your magic capacity (+9).
   It makes you more stealthy.
Armour
 a - a +0 robe (worn)
 k - a +2 helmet
 q - a +1 ring mail of cold resistance
Magical Staves
 s - an uncursed staff of cold
Jewellery
 v - an amulet of regeneration (around neck)
Wands
 j - a wand of flame (9)
Scrolls
 d - 9 scrolls of remove curse {unknown}
 e - a scroll of enchant armour {unknown}
 f - a scroll of immolation {unknown}
 g - 5 scrolls of identify {unknown}
 i - 2 scrolls of magic mapping {unknown}
 m - 2 scrolls of amnesia {unknown}
 n - 2 scrolls of teleportation {unknown}
 o - a scroll of fog {unknown}
 t - 2 scrolls of fear {unknown}
 u - 2 scrolls of enchant weapon {unknown}
 y - a scroll of blinking {unknown}
Potions
 l - a potion of degeneration {unknown}
 p - 3 potions of ambrosia {unknown}
 r - 3 potions of haste
 w - 3 potions of curing {unknown}
 x - 2 potions of might {unknown}
Books
 b - a book of Callings

   Spells                             Type                      Level
   a - Summon Small Mammal            Summoning                    1
   b - Call Imp                       Summoning                    2
   c - Call Canine Familiar           Summoning                    3
   d - Summon Guardian Golem          Hexes/Summoning              3
   e - Summon Lightning Spire         Summoning/Air                4
   f - Summon Ice Beast               Ice/Summoning                4
Comestibles
 c - 14 rations


   Skills:
 - Level 2.0 Fighting
 - Level 1.7 Dodging
 - Level 1.7 Stealth
 + Level 5.3 Spellcasting
 * Level 7.0 Summonings


You had 8 spell levels left.
You knew the following spells:

 Your Spells              Type           Power        Failure   Level  Hunger
a - Summon Small Mammal   Summ           ####         1%          1    None
b - Call Canine Familiar  Summ           #####...     1%          3    ##.....
c - Summon Ice Beast      Ice/Summ       ###.....     22%         4    ####...


Dungeon Overview and Level Annotations

Branches:
Dungeon (6/15)             Temple (0/1) D:6

Altars:
Dithmenos
Ru
Vehumet
Wu Jian
Zin

Shops:
D:6 ([


Innate Abilities, Weirdness & Mutations

You have sharp toenails.
You are partially covered in slimy green scales. (AC +2)
You regenerate health from kills.


Message History

Something hits you but does no damage.
You bump into the rock wall.
The wolf barely misses you. The wolf bites you.
You hear some strange, mumbled words.
You are more confused.
You bump into the rock wall.
The wolf bites you. Something hits you. The wolf barely misses you.
You bump into the rock wall.
The wolf bites you. Something hits you but does no damage.
You completely miss something. You claw something. The wolf bites you.
The wolf barely misses you. Something hits you but does no damage.
The wolf closely misses you.
You closely miss the wolf. You claw the wolf.
The wolf is moderately wounded.
The wolf bites you!
* * * LOW HITPOINT WARNING * * *
Something hits you but does no damage. The wolf bites you!
* * * LOW HITPOINT WARNING * * *
Something hits you but does no damage.
You bump into the rock wall.
The wolf bites you.
You die...

.....#...≈.......≈.
.....#..#≈#.....#≈#
.........#≈≈≈≈≈≈≈≈≈#
.........###.....###
.) ..#....h........
.. #....+####.... #.
#...#.# .###
#.O#####.# #
#oo{@h.#.#
#....####.#.# ###
#.#.# #.#h# #...#
#####


You could see an ogre, a wolf, an orc priest and an orc.

Vanquished Creatures
  Blork the orc (D:4)
  Natasha (twice) (D:2)
  A gnoll (D:5)
  An adder (D:5)
  A worm (D:3)
  A dart slug (D:2)
  4 orcs
  5 bats (D:3)
  3 giant cockroaches
  3 goblins
  2 hobgoblins
  A quokka (D:4)
  7 frilled lizards
  A kobold (D:2)
  2 rats (D:1)
35 creatures vanquished.

Vanquished Creatures (collateral kills)
  Sigmund (D:4)
  An ogre (D:5)
  A centaur (D:6)
  A bullfrog (D:6)
  2 jellies
  3 orc priests
  6 orc wizards
  A gnoll shaman (D:6)
  An iguana (D:4)
  Terence (D:2)
  3 worker ants
  Robin (D:2)
  7 gnolls
  3 adders
  A shadow imp (D:6)
  4 worms
  2 dart slugs (D:2)
  2 leopard geckos
  20 orcs
  16 goblins
  17 hobgoblins
  3 jackals (D:4)
  A quokka (D:6)
  3 bats
  2 frilled lizards (D:3)
  6 kobolds
  2 quokka skeletons
  3 rats
114 creatures vanquished.

Grand Total: 149 creatures vanquished

Notes
Turn   | Place    | Note
-------+----------+-------------------------------------------
     0 | D:1      | komo4ek the Demonspawn Summoner began the quest for the Orb.
     0 | D:1      | Reached XP level 1. HP: 13/13 MP: 3/3
   382 | D:1      | Gained mutation: You regenerate a little health from kills. [demonic ancestry]
   382 | D:1      | Reached XP level 2. HP: 4/19 MP: 1/5
   690 | D:1      | You fall through a shaft!
   711 | D:2      | Noticed Natasha
  1320 | D:2      | Noticed Robin
  1696 | D:2      | Noticed Terence
  1719 | D:2      | Gained mutation: You are partially covered in slimy green scales. (AC +2) [demonic ancestry]
  1719 | D:2      | Reached XP level 3. HP: 22/24 MP: 4/7
  1735 | D:2      | Learned a level 3 spell: Call Canine Familiar
  1765 | D:2      | Killed Terence
  2187 | D:2      | Killed Robin
  2315 | D:2      | Killed Natasha
  2315 | D:2      | Gained mutation: You have sharp toenails. [demonic ancestry]
  2315 | D:2      | Reached XP level 4. HP: 26/30 MP: 5/9
  2376 | D:2      | Noticed Natasha
  2384 | D:2      | Killed Natasha
  2401 | D:3      | Found a sacrificial altar of Ru.
  2894 | D:3      | Reached XP level 5. HP: 16/35 MP: 5/11
  3295 | D:3      | Found an ornate altar of the Wu Jian Council.
  3338 | D:4      | Reached skill level 5 in Summonings
  3379 | D:4      | Reached skill level 1 in Fighting
  3782 | D:4      | Found a glowing silver altar of Zin.
  3797 | D:4      | Noticed Blork the orc
  3814 | D:4      | Killed Blork the orc
  3814 | D:4      | Gained mutation: You regenerate health from kills. [demonic ancestry]
  3814 | D:4      | Reached XP level 6. HP: 36/43 MP: 9/12
  3862 | D:4      | Found a shadowy altar of Dithmenos.
  4058 | D:4      | Noticed Sigmund
  4077 | D:4      | Killed Sigmund
  4185 | D:5      | Entered Level 5 of the Dungeon
  4256 | D:5      | Learned a level 4 spell: Summon Ice Beast
  4307 | D:5      | Reached skill level 6 in Summonings
  5071 | D:5      | Reached skill level 5 in Spellcasting
  5171 | D:5      | Reached XP level 7. HP: 43/50 MP: 6/14
  5483 | D:6      | Found a radiant altar of Vehumet.
  5488 | D:6      | Became a worshipper of Vehumet
  5581 | D:6      | Found Yluifoh's Armour Shop.
  5633 | D:6      | Found Uzotis's Antique Weapon Shoppe.
  5636 | D:6      | Bought a fine flail for 221 gold pieces
  5636 | D:6      | Identified the +3 flail of Conformity {pain, MP+9 Int+4 Dex+3 Stlth+} (You bought it in a shop on level 6 of the Dungeon)
  5827 | D:6      | Reached skill level 7 in Summonings
  5870 | D:6      | Found a staircase to the Ecumenical Temple.
  5908 | D:6      | Slain by a wolf

Skill      XL: |  1  2  3  4  5  6  7 |
---------------+----------------------+-----
Spellcasting   | 3 4 5 |  5.3
Summonings     | 5 6 7 |  7.0
Fighting       | 1 2 |  2.0
Dodging        | |  1.7
Stealth        | |  1.7

Action                   |  1- 3 |  4- 6 |  7- 9 || total
-------------------------+-------+-------+-------++-------
Melee: Unarmed           |    59 |       |       ||    59
       Dagger            |    39 |   174 |       ||   213
       Kick              |       |    42 |     5 ||    47
       Staff             |       |    10 |    12 ||    22
       Flail             |       |       |     3 ||     3
 Cast: Summon Small Mamm |    30 |     8 |       ||    38
       Call Canine Famil |     7 |    23 |     3 ||    33
       Summon Ice Beast  |       |     6 |     2 ||     8
  Use: Potion            |       |     1 |       ||     1
 Stab: Sleeping          |     1 |     2 |       ||     3
       Distracted        |       |     1 |     1 ||     2
  Eat: Chunk             |     5 |     2 |       ||     7
       Ration            |       |     3 |     1 ||     4
Armor: Robe              |    21 |    43 |     8 ||    72
       Ring mail         |       |    60 |       ||    60
Dodge: Dodged            |    81 |   126 |    19 ||   226
